 Dungeon Crawl Stone Soup version 0.20.0-8-g6b59dc7 (console) character file.

234 vonhedlund the Skirmisher (level 5, -1/52 HPs)
             Began as a Minotaur Hunter on June 1, 2017.
             Slain by an orc warrior
             ... wielding a +0 hand axe
              (13 damage)
             ... on level 6 of the Dungeon.
             The game lasted 00:15:45 (2632 turns).

vonhedlund the Skirmisher (Minotaur Hunter)         Turns: 2632, Time: 00:15:46

Health: -1/52      AC:  5    Str: 17    XL:     5   Next: 75%
Magic:  4/4        EV: 11    Int:  8    God:
Gold:   159        SH:  0    Dex: 11    Spells: 4/4 levels left

rFire    . . .     SeeInvis .   b - +0 short sword
rCold    . . .     Gourm    .   (no shield)
rNeg     . . .     Faith    .   h - +0 ring mail
rPois    .         Spirit   .   (helmet restricted)
rElec    .         Reflect  .   (no cloak)
rCorr    .         Harm     .   (no gloves)
MR       .....                  (no boots)
Stlth    +.........             (no amulet)
Regen    0.2/turn               (no ring)
MPRegen  0.1/turn               (no ring)

@: no status effects
A: retaliatory headbutt, horns 2
a: no special abilities


You were on level 6 of the Dungeon.
You were hungry.

You visited 1 branch of the dungeon, and saw 6 of its levels.

You collected 159 gold pieces.

Inventory:

Hand Weapons
 a - a +1 shortbow
 b - a +0 short sword (weapon)
 e - a +0 spear (quivered)
 m - a +0 spear
 s - a +0 hand crossbow
Missiles
 d - 85 arrows
 v - 45 bolts
Armour
 c - a +0 leather armour
 h - a +0 ring mail (worn)
Jewellery
 n - a cursed ring of loudness {unknown}
 w - an uncursed amulet of faith {unknown}
Wands
 r - a wand of acid (4/15)
 y - a wand of digging (14/24)
 C - a wand of digging (16/24)
Scrolls
 j - 2 scrolls of identify {unknown}
 k - 2 scrolls of teleportation {unknown}
 l - 2 scrolls of remove curse {unknown}
 o - a scroll of amnesia {unknown}
 t - a scroll of enchant weapon {unknown}
 x - 2 scrolls of fog {unknown}
 E - a scroll of fear {unknown}
Potions
 i - 3 potions of curing
 p - a potion of mutation {unknown}
 q - 2 potions of flight {unknown}
 B - a potion of might {unknown}
Books
 A - a book of Maledictions

   Spells                             Type                      Level
   a - Corona                         Hexes                        1
   b - Ensorcelled Hibernation        Hexes/Ice                    2
   c - Confuse                        Hexes                        3
   d - Tukima's Dance                 Hexes                        3
   e - Dazzling Spray                 Conjuration/Hexes            3
 D - a book of Minor Magic

   Spells                             Type                      Level
   a - Magic Dart                     Conjuration                  1
   b - Blink                          Translocation                2
   c - Call Imp                       Summoning                    2
   d - Slow                           Hexes                        2
   e - Conjure Flame                  Conjuration/Fire             3
   f - Mephitic Cloud                 Conjuration/Poison/Air       3
Comestibles
 f - 3 bread rations
 g - 3 chunks of flesh
 u - a meat ration
 z - a royal jelly


   Skills:
 + Level 7.3 Fighting
 - Level 4.3 Bows
 - Level 2.1 Dodging
 - Level 0.7 Stealth


You had 4 spell levels left.
You didn't know any spells.

Dungeon Overview and Level Annotations

Branches:
Dungeon (6/15)
 Temple: D:4-7

Altars:

Shops:
D:4 %

Annotations:
D:3 Grinder


Innate Abilities, Weirdness & Mutations

You reflexively headbutt those who attack you in melee.
You have a pair of horns on your head.


Message History

The leopard gecko bites you but does no damage.
Found 7 gold pieces.
You puncture the adder skeleton! You headbutt the adder skeleton.
You destroy the adder skeleton!
The leopard gecko completely misses you.
You closely miss the leopard gecko.
The leopard gecko bites you but does no damage.
You miss the leopard gecko. The leopard gecko closely misses you.
You barely miss the leopard gecko.
The leopard gecko bites you but does no damage.
The leopard gecko closely misses you.
A sky beast comes into view.
You hit the leopard gecko but do no damage.
Your headbutt misses the leopard gecko. The leopard gecko closely misses you.
You furiously retaliate!
You headbutt the leopard gecko!
You kill the leopard gecko!
You hit the orc warrior but do no damage.
You headbutt the orc warrior.
The orc warrior is lightly wounded.
The orc warrior hits you with a hand axe!
You die...

###### .# .... #.#
.... ..# #### #
..# #.##.... #.
#.# ........
#..###o####.......
#..%@ooo.Y........
#..###o...†.##.##
#. ######<# $. #.#
.. .o# ## ....
....# ######


You could see an orc warrior, a sky beast and 4 orcs.

Vanquished Creatures
  A hound (D:4)
  A centaur skeleton (D:4)
  An orc wizard (D:3)
  An orc priest (D:3)
  Ijyb (D:3)
  An adder (D:2)
  An ooze (D:4)
  An adder skeleton (D:6)
  A worm (D:4)
  2 dart slugs
  6 leopard geckos
  An orc (D:3)
  A ball python (D:2)
  3 bats
  2 giant cockroaches (D:1)
  11 goblins
  12 hobgoblins
  2 jackals (D:1)
  A quokka (D:6)
  3 frilled lizards
  5 kobolds
  6 rats
64 creatures vanquished.

Vanquished Creatures (others)
  A kobold (D:1)
1 creature vanquished.

Grand Total: 65 creatures vanquished

Notes
Turn   | Place    | Note
-------+----------+-------------------------------------------
     0 | D:1      | vonhedlund the Minotaur Hunter began the quest for the Orb.
     0 | D:1      | Reached XP level 1. HP: 18/18 MP: 0/0
    65 | D:1      | Reached skill level 3 in Fighting
   110 | D:1      | Reached XP level 2. HP: 25/26 MP: 1/1
   368 | D:1      | Reached skill level 4 in Fighting
   628 | D:1      | Reached XP level 3. HP: 33/33 MP: 2/2
  1227 | D:2      | Reached skill level 5 in Fighting
  1555 | D:2      | Reached XP level 4. HP: 27/42 MP: 3/3
  1921 | D:3      | Noticed Ijyb
  1947 | D:3      | Killed Ijyb
  2067 | D:3      | Reached skill level 6 in Fighting
  2086 | D:3      | Reached XP level 5. HP: 36/51 MP: 4/4
  2274 | D:3      | Noticed Grinder
  2274 | D:3      | Paralysed by Grinder for 6 turns
  2363 | D:4      | Found Zamm's Food Boutique.
  2401 | D:4      | Reached skill level 7 in Fighting
  2543 | D:4      | Noticed an ogre
  2577 | D:5      | Entered Level 5 of the Dungeon
  2614 | D:6      | Noticed an orc warrior
  2631 | D:6      | Noticed a sky beast
  2632 | D:6      | Slain by an orc warrior

Skill      XL: |  1  2  3  4  5 |
---------------+----------------+-----
Fighting       | 3 4 5 6 7 |  7.3
Bows           | |  4.3
Dodging        | |  2.1
Stealth        | |  0.7

Action                   |  1- 3 |  4- 6 || total
-------------------------+-------+-------++-------
Melee: Short sword       |   103 |    92 ||   195
       Headbutt          |    15 |    15 ||    30
 Fire: Shortbow          |     2 |    10 ||    12
  Use: Potion            |       |     1 ||     1
  Eat: Chunk             |     2 |     3 ||     5
Armor: Leather armour    |    14 |       ||    14
       Ring mail         |    22 |    38 ||    60
Dodge: Dodged            |    67 |    54 ||   121
